Unix NetHack Version 5.0.0-0 post-release - last build Jun 10 2026 00:39:30 (3ee93aec679c4c4259841fe613dc97188e26a321,branch:main).

Game began 2026-06-13 13:04:28, ended 2026-06-13 13:10:42.

DiePARTEI, neutral male human Tourist

                                    --     |
                                  ---..   .--
                       --         |....   ..-
                      --. | -  ----....   ...
                      |...... --.|.....  ...-
                        .......%.......--...--
                          -..................--       ---
                             |................--  ......|
                              -...G..h)@............-
                              -.....>..<.......------
                             |...( --........---
                             --    ...----..G-
                                   ---     .G.-
                                            ....
                                            .----
                                             |

DiePARTEI the Sightseer     St:8 Dx:10 Co:14 In:15 Wi:12 Ch:16  Neutral
Dlvl:4  $:1036 HP:0(30) Pw:12(12) AC:4  Xp:3 T:741  Burdened

Latest messages:
 You are surrounded by a shimmering light.
 The gnome lord starts to attack you, but pulls back.
 The gnome lord starts to attack you, but pulls back.
 The gnome starts to attack you, but pulls back.
 The gnome starts to attack you, but pulls back.
 You finish your prayer.
 You feel that The Lady is satisfied.
 You feel much better.
 The kitten misses the gnome.
 The kitten misses the gnome.
 The kitten bites the gnome.
 The gnome misses the kitten.
 The kitten bites the gnome.
 The gnome is killed!
 The gnome lord hits!
 The gnome picks up a gem.
 The kitten bites the gnome.
 The gnome swings her crossbow at the kitten.
 The gnome hits the kitten.
 In what direction? 1
 The dart misses the dwarf.
 The kitten picks up a dart.
 The kitten misses the gnome.
 The dwarf wields a dagger!
 In what direction? 1
 The dart hits the dwarf!
 The kitten misses the gnome.
 The gnome hits!
 The kitten bites the gnome.
 The kitten bites the gnome.
 The gnome hits the kitten.
 The gnome lord hits!
 The kitten misses the gnome.
 In what direction? 1
 You kill the dwarf!
 The kitten bites the gnome.
 The gnome hits the kitten.
 There is a staircase down here.
 There are several objects here.
 The gnome picks up 2 darts.
 You have a little trouble lifting a - 2 +2 darts (at the ready) (34 in total).
 v - a pair of hard shoes.
 The gnome lord hits!
 You fall down the stairs.
 You hear the howling of the CwnAnnwn...
 The dwarf throws a dagger!
 You are hit by a dagger.
 You die...
 Do you want your possessions identified? [ynq] (y) y
 Do you want to see your attributes? [ynq] (y) q

Inventory:
 Coins    ('$')
  $ - 1036 gold pieces
 Weapons  (')')
  a - 34 +2 darts (at the ready)
 Armor    ('[')
  v - an uncursed +0 pair of iron shoes
  k - an uncursed +0 Hawaiian shirt with a plumeria motif (being worn)
  r - an uncursed +0 splint mail (being worn)
 Comestibles  ('%')
  d - an uncursed carrot
  c - an uncursed eucalyptus leaf
  e - 5 uncursed food rations
  g - 2 uncursed lembas wafers
  b - an uncursed tripe ration
  f - an uncursed egg
 Scrolls  ('?')
  j - 2 blessed scrolls of magic mapping
  i - an uncursed scroll of magic mapping
 Spellbooks  ('+')
  o - an uncursed spellbook of cure blindness
 Tools    ('(')
  m - an uncursed credit card
  l - an expensive camera (0:47)
  n - an uncursed towel
 Gems/Stones  ('*')
  t - an uncursed worthless piece of yellowish brown glass

DiePARTEI the Tourist's attributes:

Background:
 You were a Sightseer, a level 3 male human Tourist.
 You were neutral, on a mission for The Lady
 who was opposed by Blind Io (lawful) and Offler (chaotic).
 You were right-handed.
 You were in the Gnomish Mines, on level 4.
 You entered the dungeon 741 turns ago.
 You had 66 experience points, 14 more were needed to attain level 4.

Basics:
 You had 0 out of 30 hit points.
 You had all 12 energy points (spell power).
 Your armor class was 4.
 Your wallet contained 1036 zorkmids.
 Autopickup was off.

Final Characteristics:
 Your strength was 8 (limit:18/100).
 Your dexterity was 10 (limit:18).
 Your constitution was 14 (limit:18).
 Your intelligence was 15 (limit:18).
 Your wisdom was 12 (limit:18).
 Your charisma was 16 (limit:18).

Final Status:
 You weren't hungry.
 You were burdened; movement was slightly slowed.
 You were bare handed.
 You were unskilled in bare handed combat.

Final Attributes:
 You were stridently aligned.
 You were warded.
 You are dead.

Miscellaneous:
 You didn't encounter any bones levels.
 Total elapsed playing time was 6 minutes and 14 seconds.

Major events:
 Turn
    1: DiePARTEI the neutral male human Tourist entered the dungeon
  294: attained the rank of Sightseer (level 3)
  566: entered the Gnomish Mines
  644: became literate by naming Sting
  741: killed by a dagger

You didn't know any spells.

Skills:
 Fighting Skills
   bare handed combat [Unskilled]
   two weapon combat  [Unskilled]
   riding             [Unskilled]
 Weapon Skills
   dagger             [Unskilled]
   knife              [Unskilled]
   axe                [Unskilled]
   pick-axe           [Unskilled]
   short sword        [Unskilled]
   broadsword         [Unskilled]
   long sword         [Unskilled]
   two-handed sword   [Unskilled]
   saber              [Unskilled]
   mace               [Unskilled]
   morning star       [Unskilled]
   flail              [Unskilled]
   hammer             [Unskilled]
   quarterstaff       [Unskilled]
   polearms           [Unskilled]
   spear              [Unskilled]
   trident            [Unskilled]
   lance              [Unskilled]
   bow                [Unskilled]
   sling              [Unskilled]
   crossbow           [Unskilled]
   dart               [Basic]
   shuriken           [Unskilled]
   boomerang          [Unskilled]
   whip               [Unskilled]
   unicorn horn       [Unskilled]
 Spellcasting Skills
   divination spells  [Unskilled]
   enchantment spells [Unskilled]
   escape spells      [Unskilled]

Voluntary challenges:
 Character rerolling was not enabled.
 You went without food.
 You never hit with a wielded weapon.
 You never genocided any monsters.
 You never polymorphed an object.
 You never changed form.
 You used no wishes.
Achievements:
 You attained the rank of Sightseer.
 You entered the Gnomish Mines.
 You entered a shop.

 The Dungeons of Doom: levels 1 to 2
    Level 1:
    Level 2:
       A weapon shop, a fountain.
       Stairs down to The Gnomish Mines.
 The Gnomish Mines: levels 3 to 4
    Level 3:
    Level 4: <- You were here.
       Final resting place for
          you, killed by a dagger.


Vanquished creatures:
  a dwarf
  4 gnomes
  a kobold
  a grid bug
  a bat
  a kobold zombie
  2 newts
11 creatures vanquished.

No species were genocided or became extinct.

Game over:
                       ----------
                      /          \
                     /    REST    \
                    /      IN      \
                   /     PEACE      \
                  /                  \
                  |    DiePARTEI     |
                  |     1036 Au      |
                  |   killed by a    |
                  |      dagger      |
                  |                  |
                  |                  |
                  |       2026       |
                 *|     *  *  *      | *
        _________)/\\_//(\/(/\)/\//\/|_)_______

Aloha DiePARTEI the Tourist...

You died in The Gnomish Mines on dungeon level 4 with 367 points,
and 1036 pieces of gold, after 741 moves.
You were level 3 with a maximum of 30 hit points when you died.

